 Dungeon Crawl Stone Soup version 0.14-a0-1773-ge500af7 (webtiles) character file.

9542 4tharraofdagon the Slicer (level 11, -1/75 HPs)
             Began as a High Elf Fighter on Jan 6, 2014.
             Was a Believer of the Shining One.
             Slain by an alligator simulacrum (21 damage)
             ... in an ice cave.
             The game lasted 00:55:36 (12224 turns).

4tharraofdagon the Slicer (High Elf Fighter)       Turns: 12224, Time: 00:55:37

HP  -1/75        AC 15     Str 19      XL: 11   Next: 23%
MP  16/24        EV 16     Int  5 (12) God: the Shining One [**....]
Gold 104         SH 23     Dex 18      Spells:  0 memorised, 10 levels left

rFire  . . .     SeeInvis .     P - +4,+3 dwarf cutlass
rCold  . . .     Clarity  .     o - +1 dwarf ring mail
rNeg   + . .     Conserve .     c - +0 elf shield
rPois  .         rCorr    .     v - +0 helmet
rElec  .         rRot     .     J - +0 elf cloak
SustAb . .       Spirit   .     f - +2 pair of dwarf gloves {Str+3}
rMut   .         Warding  .     O - +0 pair of boots
Saprov . . .     RndTele  +     (no amulet)
                                W - ring of teleportation
                                k - +4 ring of evasion

@: about to teleport, glowing, drained, quite resistant to hostile enchantments,
very unstealthy
A: blurry vision 1, magic resistance 1, regeneration 1, spit poison 1
a: Spit Poison, Divine Shield, Renounce Religion, Evoke Teleportation


You were in an ice cave.
You worshipped the Shining One. the Shining One was pleased with you.
You were hungry.

You visited 1 branch of the dungeon, and saw 13 of its levels.
You also visited: Bailey and Ice Cave.

You collected 648 gold pieces.
You spent 544 gold pieces at shops.

Inventory:

Hand weapons
 y - a +2,+0 orcish dagger of chaos
 D - a +1,+2 orcish dagger of freezing
 P - a +4,+3 dwarven cutlass (weapon)
 U - a +0,+0 bow
Armour
 c - a +0 elven shield (worn)
 f - a +2 pair of dwarven gloves of strength (worn)
 o - a +1 dwarven ring mail (worn)
 v - a +0 helmet (worn)
 J - a +0 elven cloak (worn)
 L - a +2 robe of magic resistance
 N - a +1 pair of gloves
 O - a +0 pair of boots (worn)
 Y - a +0 dwarven large shield
Magical devices
 g - a wand of paralysis (0)
 l - a wand of slowing (7)
 u - a wand of digging (6)
 E - a wand of confusion (18) {unknown}
 H - a wand of slowing (1)
 Q - a wand of paralysis (12)
Comestibles
 d - 13 bread rations
 p - 6 beef jerkies
 K - 2 meat rations
 V - a honeycomb
Scrolls
 e - 2 scrolls of remove curse
 j - 2 scrolls of fog
 n - a scroll of fear
 s - 2 scrolls of teleportation
 z - 3 scrolls of enchant armour
 B - a scroll of recharging
 M - a scroll of amnesia
Jewellery
 k - a +4 ring of evasion (left hand)
 A - an uncursed ring of protection from fire
 C - an uncursed ring of hunger {unknown}
 G - a -3 ring of intelligence
 I - an uncursed ring of invisibility
 S - a +2 ring of strength
 W - a ring of teleportation (right hand)
 X - an uncursed ring of positive energy
Potions
 a - 2 potions of might
 h - 2 potions of flight
 i - a potion of heal wounds
 m - a potion of speed
 q - a potion of curing
 r - 3 potions of brilliance
 t - a potion of agility
 x - a potion of paralysis {unknown}
 R - a potion of magic
 T - a potion of restore abilities
Books
 F - a book of the Dragon

   Spells                             Type                      Level
   Flight                             Charms/Air                   3
   Cause Fear                         Hexes                        4
   Bolt of Fire                       Conjuration/Fire             6
   Dragon Form                        Transmutation                7
   Summon Dragon                      Summoning                    9
Miscellaneous
 b - a fan of gales (inert)
 Z - a phial of floods (inert)


   Skills:
 + Level 7.0(6.8) Fighting
 * Level 10.7(10.5) Short Blades
 + Level 6.1(5.9) Bows
 + Level 6.4(6.2) Armour
 + Level 7.0(6.8) Dodging
 + Level 6.8(6.6) Shields
 + Level 3.1(2.9) Invocations
 + Level 6.1(5.9) Evocations


You had 10 spell levels left.
You didn't know any spells.

Dungeon Overview and Level Annotations

Branches:
Dungeon (13/16)            Temple (0/1) D:5            Lair (0/8) D:10
    Orc: D:9-12

Altars:
Ashenzari
Cheibriados
Elyvilon
Kikubaaqudgha
Sif Muna
Trog
Xom
Yredelemnul
the Shining One

Shops:
D:4 [   D:10 *   D:12 !

Annotations:
D:4 exclusion: door
D:10 Urug
D:12 exclusion: orange crystal statue
D:13 exclusion: ice statue IceCv exclusion: ice statue, lorenz's ghost, powerful TrNe


Innate Abilities, Weirdness & Mutations

Your vision is a little blurry.
You are resistant to hostile enchantments.
Your natural rate of healing is unusually fast.
You can spit poison.


Message History

You are feeling hungry.
You block the wolf simulacrum's attack.
The alligator simulacrum bites you but does no damage.
The alligator simulacrum closely misses you.
You block the death yak simulacrum's attack.
You block the wolf simulacrum's attack.
You block the alligator simulacrum's attack.
The alligator simulacrum tail-slaps you but does no damage.
The death yak simulacrum barely misses you.
Unknown command.
Unknown command.
The polar bear simulacrum bites you! The polar bear simulacrum freezes you!
One of your 2 potions of heal wounds freezes and shatters!
You block the polar bear simulacrum's attack.
The wolf simulacrum completely misses you.
The alligator simulacrum misses you.
The alligator simulacrum tail-slaps you!
* * * LOW HITPOINT WARNING * * *
The alligator simulacrum freezes you!
You die...

#### #####
...#####
##...##
.#.....###
##..∩..##
###..#.I.#
#.......#
####.W##
#..Z∩...#
#..###
##zZZ..##
###...##
##@..##
#.......#
#...#
.........
##...#
W....p...
#...#
.........#
...##
#........#
..##
.....###.p
.## .#####
#


You could see a wolf simulacrum, an alligator simulacrum, a death yak simulacrum
and a polar bear simulacrum.

Vanquished Creatures
  Pikel (D:4)
  A hill giant (D:12)
  A cyclops (D:10)
  A feature mimic (D:10)
  A wraith (D:13)
  5 yaks (D:10)
  A hippogriff (D:10)
  A hungry ghost (D:8)
  3 manticores
  A mottled dragon (D:12)
  2 black bears (D:6)
  An ice beast (D:3)
  4 orc warriors
  2 sky beasts
  3 phantoms
  4 ogres
  A yellow wasp (D:12)
  A crocodile (D:8)
  The ghost of timbw the Chiller, an average HuIE (D:5)
  Sigmund (D:6)
  3 big kobolds (D:11)
  9 giant frogs
  3 centaurs
  A gnoll sergeant (D:7)
  A water moccasin (D:6)
  19 killer bees
  2 wights (D:13)
  3 vampire bats (D:3)
  A yak skeleton (D:12)
  A troll skeleton (D:11)
  A quasit (D:10)
  7 crimson imps
  A goliath beetle (D:10)
  A hound (D:10)
  A centaur zombie (D:9)
  4 orc priests
  3 iguanas
  A water moccasin zombie (D:7)
  A gnoll shaman (D:4)
  7 scorpions
  13 orc wizards
  6 worker ants
  An ogre skeleton (D:9)
  A hound skeleton (D:7)
  12 adders
  16 gnolls
  A giant centipede (D:7)
  2 giant mites
  A goliath beetle zombie (D:5)
  An inept item mimic (D:6)
  An inept feature mimic (D:3)
  2 worms
  2 adder skeletons
  3 giant eyeballs
  6 giant geckos
  3 oozes (D:2)
  40 orcs
  A ball python (D:1)
  3 bat skeletons
  11 hobgoblins
  9 jackals
  26 kobolds
  2 quokkas
  19 bats
  4 giant cockroaches
  11 giant newts
  15 goblins
  14 rats
332 creatures vanquished.

Vanquished Creatures (collateral kills)
  A hill giant (D:10)
  A fire drake (D:10)
2 creatures vanquished.

Grand Total: 334 creatures vanquished

Notes
Turn   | Place    | Note
--------------------------------------------------------------
     0 | D:1      | 4tharraofdagon, the High Elf Fighter, began the quest for the Orb.
     0 | D:1      | Reached XP level 1. HP: 16/16 MP: 2/2
   132 | D:1      | Reached XP level 2. HP: 19/21 MP: 3/3
   592 | D:2      | Reached XP level 3. HP: 26/26 MP: 5/5
   711 | D:2      | Found a basalt altar of Yredelemnul.
   716 | D:2      | Found a glowing golden altar of the Shining One.
   716 | D:2      | Found a white marble altar of Elyvilon.
   734 | D:2      | Became a worshipper of the Shining One
  1069 | D:2      | Found a snail-covered altar of Cheibriados.
  1102 | D:2      | Reached XP level 4. HP: 27/31 MP: 7/7
  1562 | D:3      | Found an ancient bone altar of Kikubaaqudgha.
  1576 | D:3      | Reached skill level 1 in Dodging
  1645 | D:3      | Reached skill level 4 in Short Blades
  1680 | D:3      | Reached XP level 5. HP: 25/37 MP: 8/8
  1916 | D:3      | Noticed an ice beast
  1982 | D:3      | Killed an ice beast
  1982 | D:3      | Reached skill level 5 in Short Blades
  1982 | D:3      | Reached XP level 6. HP: 43/43 MP: 10/10
  2007 | D:4      | Found Qyuprigg's Armour Boutique.
  2075 | D:4      | Noticed Pikel
  2567 | D:3      | Found a shimmering altar of Xom.
  2756 | D:5      | Entered Level 5 of the Dungeon
  2824 | D:5      | Noticed timbw's ghost (average HuIE)
  2881 | D:5      | Killed timbw's ghost
  3085 | D:5      | Acquired the Shining One's first power
  3121 | D:5      | Reached XP level 7. HP: 35/49 MP: 12/12
  3255 | D:5      | Found a staircase to the Ecumenical Temple.
  3593 | D:5      | Reached skill level 6 in Short Blades
  3758 | D:5      | Reached skill level 1 in Evocations
  4339 | D:6      | Found a bloodstained altar of Trog.
  4354 | D:6      | Reached XP level 8. HP: 51/54 MP: 13/15
  4414 | D:6      | You fall through a shaft!
  4520 | D:8      | Reached skill level 5 in Fighting
  4549 | D:8      | Reached skill level 7 in Short Blades
  5000 | D:8      | Reached skill level 1 in Bows
  5007 | D:8      | Reached skill level 5 in Shields
  5041 | D:8      | Reached skill level 8 in Short Blades
  5056 | D:8      | Reached XP level 9. HP: 55/61 MP: 19/19
  5140 | D:8      | Paralysed by a giant eyeball for 3 turns
  5326 | D:8      | Reached skill level 5 in Armour
  5451 | D:7      | Reached skill level 5 in Dodging
  5475 | D:7      | Acquired the Shining One's second power
  5498 | D:7      | Paralysed by a giant eyeball for 2 turns
  5616 | D:7      | Was placed under penance by the Shining One
  5845 | D:7      | Found a flagged portal.
  5942 | D:7      | :(
  5950 | Bailey   | Entered a bailey
  6027 | Bailey   | Noticed Mitsuki's ghost (experienced DDFi)
  6220 | D:6      | Noticed Sigmund
  6247 | D:6      | Killed Sigmund
  7352 | D:8      | Reached skill level 9 in Short Blades
  7399 | D:10     | Entered Level 10 of the Dungeon
  7399 | D:10     | Noticed a hill giant
  7449 | D:9      | Found a shattered altar of Ashenzari.
  7650 | D:10     | Found a staircase to the Lair.
  7736 | D:10     | Was forgiven by the Shining One
  7759 | D:10     | Noticed a cyclops
  7793 | D:10     | Killed a cyclops
  7793 | D:10     | Reached XP level 10. HP: 21/68 MP: 21/21
  8095 | D:10     | Killed a hill giant
  8095 | D:10     | Reached skill level 5 in Evocations
  8176 | D:10     | Noticed Urug
  8966 | D:10     | Reached skill level 5 in Bows
  8966 | D:10     | Reached skill level 1 in Invocations
  9092 | D:10     | Reached skill level 10 in Short Blades
  9131 | D:10     | Found Klehaag's General Store.
  9145 | D:10     | Bought a scroll of identify for 26 gold pieces
  9145 | D:10     | Bought a potion of brilliance for 32 gold pieces
  9732 | D:4      | Found a deep blue altar of Sif Muna.
  9825 | D:4      | Killed Pikel
 10038 | D:4      | Bought a +2 pair of dwarven gloves of strength for 278 gold pieces
 10435 | D:10     | Noticed a fire drake
 10454 | D:10     | Killed a fire drake
 10865 | D:11     | Reached XP level 11. HP: 20/74 MP: 23/23
 11302 | D:12     | Found Mejul's Distillery.
 11331 | D:12     | Bought a potion of agility for 40 gold pieces
 11331 | D:12     | Bought a potion of heal wounds for 48 gold pieces
 11331 | D:12     | Bought a potion of might for 40 gold pieces
 11331 | D:12     | Bought a potion of mutation for 48 gold pieces
 11331 | D:12     | Bought a potion of curing for 32 gold pieces
 11334 | D:12     | Gained mutation: Your vision is a little blurry. [potion of mutation]
 11334 | D:12     | Gained mutation: You are resistant to hostile enchantments. [potion of mutation]
 11334 | D:12     | Gained mutation: Your natural rate of healing is unusually fast. [potion of mutation]
 11469 | D:12     | Noticed a hill giant
 11485 | D:12     | Killed a hill giant
 11702 | D:13     | Noticed a seven-headed hydra
 11828 | D:12     | NO MORE COMPLAINING!
 11932 | D:12     | Lost mutation: Your vision is a little blurry. [mutagenic meat]
 11933 | D:12     | Gained mutation: You can spit poison. [mutagenic meat]
 11934 | D:12     | Gained mutation: Your vision is a little blurry. [mutagenic meat]
 12133 | D:13     | Found a frozen archway.
 12133 | D:13     | Noticed an ice statue
 12143 | IceCv    | Entered an ice cave
 12157 | IceCv    | Noticed lorenz's ghost (powerful TrNe)
 12158 | IceCv    | Noticed an ice statue
 12199 | IceCv    | Found an ancient bone altar of Kikubaaqudgha.
 12224 | IceCv    | Slain by an alligator simulacrum

Action                   |  1- 3 |  4- 6 |  7- 9 | 10-12 || total
-------------------------+-------+-------+-------+-------++-------
Melee: Short sword       |   216 |   382 |   133 |       ||   731
       Dagger            |       |    10 |    19 |    17 ||    46
       Cutlass           |       |       |   532 |   733 ||  1265
 Abil: Evoke Teleportati |       |       |       |     7 ||     7
Evoke: Wand              |       |     1 |    19 |     6 ||    26
       fan of gales      |       |       |       |     1 ||     1
       phial of floods   |       |       |       |     1 ||     1
  Use: Scroll            |       |     5 |    19 |     9 ||    33
       Potion            |       |     3 |     3 |     2 ||     8
 Stab: Paralysed         |       |       |    18 |       ||    18
       Sleeping          |       |       |     1 |       ||     1
